 Dungeon Crawl Stone Soup version 0.18-a0-1120-g03bd624 (webtiles) character file.

128842 Chiseanne the Cleaver (level 16, -12/208 HPs)
             Began as a Centaur Air Elementalist on Jan 17, 2016.
             Was an Initiate of Gozag.
             Mangled by a wolf spider (23 damage)
             ... on level 4 of the Spider Nest.
             The game lasted 02:01:42 (34009 turns).

Chiseanne the Cleaver (Centaur Air Elementalist)   Turns: 34009, Time: 02:01:42

Health: -12/208    AC: 39    Str: 19    XL:     16   Next: 49%
Magic:  0/27       EV:  7    Int: 20    God:    Gozag
Gold:   1775       SH: 12    Dex: 14    Spells: 3 memorised, 24 levels left

rFire  + . .     SeeInvis .     a - +7 hand axe of Wafrymou {elec, *Drain +Rage rF+}
rCold  + . .     Gourm    .     v - +10 chain mail of the Shining Light {+Fly MR+ Int+3}
rNeg   + . .     Faith    .     w - +0 shield {AC+3}
rPois  +         Spirit   +     t - +2 hat of the Bear Spirit {Spirit, +Rage rN+ MR++}
rElec  .         Dismiss  .     p - +2 cloak {MR+}
rCorr  .         Reflect  .     R - +1 pair of gloves {Dex+3}
SustAt .         Harm     .     J - +1 centaur barding {rC+}
MR     +++++                    (no amulet)
Stlth  ..........               N - +3 ring of evasion
                                i - ring of poison resistance

@: mighty, berserking, lethally poisoned (-12 -> -30), gold aura, repel
missiles, drained, very quick, almost entirely resistant to hostile
enchantments, extremely unstealthy
A: hooves 3, deformed body, speed 2, tough skin 3
a: Potion Petition, Call Merchant, Bribe Branch, Renounce Religion, Evoke
Berserk Rage, Evoke Flight


You were on level 4 of the Spider Nest.
You worshipped Gozag.
Gozag was noncommittal.
You were full.

You visited 5 branches of the dungeon, and saw 30 of its levels.
You also visited: Sewer and Volcano.

You collected 10346 gold pieces.
You spent 7411 gold pieces at shops.
You paid 1160 gold pieces to Gozag.

Inventory:

Hand Weapons
 a - the +7 hand axe of Wafrymou (weapon) {elec, *Drain +Rage rF+}
   (You found it on level 10 of the Dungeon)

   Occasionally, upon striking a foe, it will discharge some electrical energy
   and cause terrible harm.
   It protects you from fire.
   It lets you go berserk.
   It causes draining when unequipped.
 d - a +4 flail of protection
 h - the +11 war axe "Haal" {chop, rN+++ Dex+4}
   (You found it on level 10 of the Dungeon)

   It inflicts extra damage upon your enemies.
   It affects your dexterity (+4).
   It renders you almost immune to negative energy.
 s - a +5 broad axe of flaming
Missiles
 f - 5 javelins of penetration (quivered)
 B - 5 curare-tipped needles
 I - 3 throwing nets
Armour
 b - the cursed +1 ice dragon armour of the Salamander {rF- rC++ MP+9 Int+6 Slay-5}
   (You bought it in a shop on level 7 of the Dungeon)

   It affects your intelligence (+6).
   It affects your accuracy and damage with ranged weapons and melee attacks
   (-5).
   It makes you vulnerable to fire.
   It greatly protects you from cold.
   It affects your magic capacity (+9).
   It has a curse placed upon it.
 p - a +2 cloak of magic resistance (worn)
 t - the +2 hat of the Bear Spirit (worn) {Spirit, +Rage rN+ MR++}
   (You bought it in a shop on level 7 of the Dungeon)

   It protects you from negative energy.
   It affects your resistance to hostile enchantments.
   It lets you go berserk.
 v - the +10 chain mail of the Shining Light (worn) {+Fly MR+ Int+3}
   (You bought it in a shop on level 2 of the Orcish Mines)

   It affects your intelligence (+3).
   It affects your resistance to hostile enchantments.
   It lets you fly.
 w - a +0 shield of protection (worn)
 x - a +2 pair of gloves of archery
 J - a +1 centaur barding of cold resistance (worn)
 R - a +1 pair of gloves of dexterity (worn)
Magical Staves
 y - an uncursed staff of summoning {unknown}
 T - an uncursed staff of earth {unknown}
Jewellery
 i - a ring of poison resistance (left hand)
 j - an uncursed ring of flight
 N - a +3 ring of evasion (right hand)
Wands
 c - a wand of teleportation (7/9)
 L - a wand of disintegration (15/24)
 S - a wand of digging (0/24)
Scrolls
 k - 4 scrolls of fear
 l - 16 scrolls of teleportation
 n - 6 scrolls of recharging
 C - 3 scrolls of identify
 H - 8 scrolls of remove curse
 M - 7 scrolls of magic mapping
 O - 8 scrolls of fog
 P - 4 scrolls of blinking
 Q - a scroll of enchant weapon
Potions
 e - 2 potions of agility
 g - a potion of berserk rage
 m - 3 potions of haste
 o - 4 potions of resistance
 q - 4 potions of flight
 r - a potion of brilliance
 u - 3 potions of heal wounds
 z - 14 potions of curing
 Z - 5 potions of might
Books
 G - a book of Frost

   Spells                             Type                      Level
   a - Freeze                         Ice                          1
   b - Throw Frost                    Conjuration/Ice              2
   c - Ozocubu's Armour               Charms/Ice                   3
   d - Throw Icicle                   Conjuration/Ice              4
   e - Summon Ice Beast               Ice/Summoning                4
   f - Condensation Shield            Ice                          4
Miscellaneous
 D - a fan of gales
 K - a stone of tremors
Comestibles
 A - 18 meat rations


   Skills:
 - Level 12.0(11.2) Fighting
 + Level 13.3(12.4) Axes
 - Level 12.1(11.2) Armour
 - Level 1.3(0.7) Dodging
 - Level 1.2(0.6) Stealth
 - Level 11.8(10.9) Shields
 - Level 7.7(7.0) Spellcasting
 - Level 0.8(0.2) Conjurations
 - Level 2.6(2.0) Air Magic


You had 24 spell levels left.
You knew the following spells:

 Your Spells              Type           Power        Failure   Level  Hunger
a - Shock                 Conj/Air       ##..         52%         1    None
b - Repel Missiles        Chrm/Air       ##....       77%         2    None
c - Static Discharge      Conj/Air       ##......     97%         3    #......


Dungeon Overview and Level Annotations

Branches:
Dungeon (15/15)            Temple (1/1) D:6            Lair (8/8) D:8
  Swamp (0/4) Lair:6       Spider (4/4) Lair:3        Slime (0/6) Lair:6
    Orc (2/2) D:11            Elf (0/3) Orc:2        Vaults (0/5) D:13
 Depths (0/5) D:15

Altars:
Ashenzari
Cheibriados
Dithmenos
Elyvilon
Fedhas
Gozag
Kikubaaqudgha
Makhleb
Nemelex Xobeh
Okawaru
Pakellas
Qazlal
Ru
Sif Muna
Trog
Vehumet
Xom
Yredelemnul
Zin
The Shining One
Beogh
Jiyva

Shops:
D:7 [   D:14 [   Orc:2 [}[

Portals:
Trove: D:13 (give +4 demon blade)

Annotations:
D:4 chonchonts's ghost, amateur SpEn
D:6 Duvessa


Innate Abilities, Weirdness & Mutations

You have hooves in place of feet.
Armour fits poorly on your strangely shaped body.
You cover ground very quickly.
You have extremely tough skin (AC +3).


Message History

You slash the wolf spider!
There is a sudden explosion of sparks!
You kick the wolf spider!
The wolf spider is almost dead.
You closely miss the tarantella.
The tarantella is severely wounded.
You slash the wolf spider!
The wolf spider is moderately wounded.
You slash the moth of wrath!
You kill the moth of wrath!
You hit the jumping spider.
There is a sudden explosion of sparks!
The jumping spider is moderately wounded.
You closely miss the tarantella.
The tarantella is lightly wounded.
You slash the redback!
There is a sudden explosion of sparks!
You kill the redback!
* * * LOW HITPOINT WARNING * * *
You feel sick.
You block the jumping spider's attack. x2
The wolf spider hits you!!
You die...
Your body crumbles into a pile of gold.

..... ..#..((.(
#....##^.......
......#..#.#..#
.....#..........
....#...^.......!.
####..........s.s..s....
..#.#^.#.....#s^ss..#.#.
.....#.##.#....#@ss^....
^.#..#.#.......ss$......
...#.........#..........
...#....#....^....#.....
...#......(#............
...#.......(............
.##.#......!..#....#....^
.^.#.....................#
..^....^..#....!#.#.......#


You could see 2 wolf spiders, an orb spider, 4 jumping spiders and 3
tarantellas.

Vanquished Creatures
  Frances (D:12)
  Wiglaf (Spider:2)
  An emperor scorpion (Spider:1)
  A war gargoyle (D:11)
  Nessos (D:12)
  2 spark wasps
  A yaktaur captain (D:15)
  Josephine (D:15)
  The ghost of Chiseanne the Fighter, a journeyman CeAE of Gozag (D:12)
  Erolcha (D:9)
  4 hydras
  Harold (D:11)
  3 centaur warriors
  4 ogre magi
  A death knight (D:15)
  A queen ant (Lair:6)
  6 death yaks
  A hell knight (Volcano)
  Nergalle (D:11)
  The ghost of root the Shield-Bearer, a novice FoFi of Okawaru (D:8)
  A skeletal warrior (D:15)
  An unseen horror (D:13)
  A lindwurm (Lair:8)
  An unseen horror (shapeshifter) (D:14)
  7 hill giants
  3 griffons
  5 orb spiders
  A cyclops (D:15)
  2 wolf spider zombies (D:15)
  8 orc sorcerers
  2 manticores
  4 deep elf magi
  2 hornets (Spider:1)
  17 wolf spiders
  A toenail golem (Volcano)
  7 ugly things
  5 elephants (Lair:4)
  5 moths of wrath
  3 black mambas
  2 molten gargoyles (D:11)
  2 torpor snails
  18 spiny frogs
  4 centaur skeletons
  A kobold demonologist (D:14)
  2 demonic crawlers
  10 komodo dragons
  12 fire drakes
  2 red devils (Volcano)
  14 jumping spiders
  2 harpy zombies
  5 trolls
  A freezing wraith (D:15)
  3 two-headed ogres
  Prince Ribbit (D:6)
  4 boulder beetles
  6 giant leeches (Lair:8)
  11 slime creatures (D:13)
  20 blink frogs
  A vampire (D:11)
  7 wraiths
  A shadow (D:15)
  34 redbacks
  13 tarantellas
  12 wyverns
  45 yaks
  18 hippogriffs
  7 basilisks
  3 steam dragons
  8 vampire mosquitoes (Lair:8)
  A hungry ghost (D:15)
  3 wolves (Lair:4)
  A mottled dragon (D:11)
  Menkaure (D:4)
  6 swamp worms (Lair:6)
  Edmund (D:6)
  20 soldier ants (Lair:6)
  16 water moccasins
  12 porcupines
  3 hell hounds
  2 phantoms
  3 ice beasts
  A black bear (D:6)
  12 orc warriors
  4 sky beasts
  10 ogres
  An eye of draining (D:15)
  2 necrophages
  A wasp (Spider:2)
  9 centaurs
  5 boggarts (D:14)
  18 crocodiles
  11 big kobolds
  33 giant frogs
  A gnoll sergeant (D:10)
  A water moccasin zombie (D:10)
  Dowan (D:6)
  5 killer bees (D:13)
  12 wights
  2 electric eels
  8 crimson imps
  A giant frog zombie (D:5)
  5 centaur zombies
  5 lava snakes (D:11)
  4 hounds
  3 giant frog skeletons
  9 orc priests
  A jelly (D:9)
  30 orc wizards
  10 iguanas
  Natasha (D:4)
  30 worker ants
  11 sheep
  A hound skeleton (D:11)
  2 worker ant zombies
  17 adders
  22 gnolls
  43 river rats
  3 shadow imps
  3 oozes
  2 adder zombies (D:5)
  An adder skeleton (D:4)
  2 worms
  8 giant geckos
  65 orcs
  A giant cockroach (D:1)
  9 hobgoblins
  9 jackals
  9 quokkas
  14 ball pythons
  21 bats
  A giant gecko skeleton (D:6)
  6 giant newts
  5 goblins
  A jackal zombie (D:6)
  22 kobolds
  A quokka zombie (D:6)
  31 rats
  A bush (Lair:8)
  20 fungi
  9 plants
1024 creatures vanquished.

Vanquished Creatures (others)
  A hydra (Lair:3)
  A spiny frog (Lair:7)
  An electric eel (Lair:8)
  An orc wizard (Orc:2)
  A river rat (Lair:8)
  2 orcs
  A bush (Lair:5)
  23 fungi
  20 plants
51 creatures vanquished.

Grand Total: 1075 creatures vanquished

Notes
Turn   | Place    | Note
--------------------------------------------------------------
     0 | D:1      | Chiseanne the Centaur Air Elementalist began the quest for the Orb.
     0 | D:1      | Reached XP level 1. HP: 14/14 MP: 3/3
    75 | D:1      | Reached skill level 1 in Fighting
   180 | D:1      | Reached XP level 2. HP: 22/24 MP: 4/4
  1133 | D:1      | Reached XP level 3. HP: 22/30 MP: 5/5
  1431 | D:2      | Reached skill level 3 in Fighting
  1550 | D:2      | Learned a level 2 spell: Repel Missiles
  1762 | D:2      | Reached XP level 4. HP: 37/40 MP: 6/6
  1835 | D:2      | Found an ancient bone altar of Kikubaaqudgha.
  1945 | D:2      | Found an opulent altar of Gozag.
  1948 | D:2      | Found an iron altar of Okawaru.
  1975 | D:2      | Became a worshipper of Gozag Ym Sagoz the Greedy
  2001 | D:2      | Reached skill level 4 in Fighting
  3204 | D:3      | Reached XP level 5. HP: 43/47 MP: 7/7
  3413 | D:3      | Reached skill level 5 in Fighting
  3715 | D:3      | Found an oddly glowing altar of Pakellas.
  3718 | D:3      | Found a sparkling altar of Nemelex Xobeh.
  3721 | D:3      | Found a glowing silver altar of Zin.
  3756 | D:3      | Found a basalt altar of Yredelemnul.
  3841 | D:4      | Found a shattered altar of Ashenzari.
  3878 | D:4      | Got a translucent leather armour
  3977 | D:2      | Found a glowing golden altar of the Shining One.
  4549 | D:4      | Reached skill level 6 in Fighting
  4549 | D:4      | Reached XP level 6. HP: 28/57 MP: 8/8
  4841 | D:4      | Noticed Menkaure
  4843 | D:4      | Noticed Natasha
  4876 | D:4      | Noticed chonchonts's ghost (amateur SpEn)
  5088 | D:4      | Killed Natasha
  5304 | D:4      | Identified the +1 leather armour of Yheenone {Regen+ Str+5 Dex+2} (You found it on level 4 of the Dungeon)
  5523 | D:4      | Found a shimmering altar of Xom.
  5626 | D:4      | Killed Menkaure
  5626 | D:4      | Reached skill level 7 in Fighting
  5626 | D:4      | Reached XP level 7. HP: 33/66 MP: 9/9
  5727 | D:5      | Entered Level 5 of the Dungeon
  5729 | D:5      | Found a white marble altar of Elyvilon.
  5938 | D:5      | Reached skill level 8 in Fighting
  6119 | D:5      | Found an oddly glowing altar of Pakellas.
  6235 | D:5      | Identified a scroll of acquirement
  6236 | D:5      | Got an ancient scale mail
  6310 | D:5      | Reached skill level 9 in Fighting
  6405 | D:5      | Found a deep blue altar of Sif Muna.
  6644 | D:6      | Found a staircase to the Ecumenical Temple.
  6661 | Temple   | Entered the Ecumenical Temple
  6799 | D:6      | Reached XP level 8. HP: 67/78 MP: 10/10
  6831 | D:6      | Noticed Edmund
  6876 | D:6      | Found a glowing drain.
  6881 | Sewer    | Entered a sewer
  7119 | Sewer    | Reached skill level 10 in Fighting
  7344 | D:6      | Killed Edmund
  7504 | D:6      | Noticed Prince Ribbit
  7504 | D:6      | Reached skill level 11 in Fighting
  7521 | D:6      | Killed Prince Ribbit
  7538 | D:6      | Reached XP level 9. HP: 79/88 MP: 11/11
  7620 | D:6      | Found a sacrificial altar of Ru.
  7781 | D:6      | Noticed Dowan
  7796 | D:6      | Killed Dowan
  7868 | D:6      | Noticed Duvessa
  8180 | D:7      | Reached skill level 12 in Fighting
  8607 | D:7      | Found a snail-covered altar of Cheibriados.
  8641 | D:7      | Learned a level 3 spell: Static Discharge
  8690 | D:7      | Bought a shiny shield for 130 gold pieces
  8697 | D:7      | Bought a pair of runed gloves for 130 gold pieces
  8712 | D:7      | Bought a runed cloak for 130 gold pieces
  8773 | D:8      | Reached skill level 1 in Armour
  8823 | D:8      | Reached skill level 1 in Shields
  8892 | D:8      | Identified the +1 scale mail "Yzufiwai" {rPois Str+3 Int+2} (You acquired it on level 5 of the Dungeon)
  9246 | D:8      | Noticed root's ghost (novice FoFi)
  9900 | D:8      | Found Funuthunula's Magic Scroll Shoppe.
  9919 | D:8      | Bought a scroll of fear for 49 gold pieces
  9919 | D:8      | Bought a scroll of teleportation for 42 gold pieces
  9919 | D:8      | Bought a scroll of magic mapping for 49 gold pieces
  9919 | D:8      | Bought a scroll of identify for 28 gold pieces
  9919 | D:8      | Bought a scroll of identify for 28 gold pieces
  9919 | D:8      | Bought a scroll of identify for 28 gold pieces
  9919 | D:8      | Bought a scroll of teleportation for 42 gold pieces
  9919 | D:8      | Bought a scroll of identify for 28 gold pieces
  9957 | D:8      | Reached XP level 10. HP: 95/95 MP: 11/21
 10100 | D:8      | Reached XP level 11. HP: 61/102 MP: 22/22
 10167 | D:8      | Found a staircase to the Lair.
 10511 | D:9      | Noticed Erolcha
 10545 | D:9      | Killed Erolcha
 11015 | D:10     | Entered Level 10 of the Dungeon
 11064 | D:10     | Got a bloodstained hand axe
 11067 | D:10     | Identified the +7 hand axe of Wafrymou {elec, *Drain +Rage rF+} (You found it on level 10 of the Dungeon)
 11364 | D:10     | Reached skill level 1 in Axes
 11538 | D:10     | Noticed a hill giant
 11552 | D:10     | Killed a hill giant
 11552 | D:10     | Reached skill level 5 in Armour
 11552 | D:10     | Reached skill level 5 in Shields
 11816 | D:10     | Got a warped war axe
 11817 | D:10     | Identified the +11 war axe "Haal" {chop, rN+++ Dex+4} (You found it on level 10 of the Dungeon)
 11996 | D:7      | Bought the +2 hat of the Bear Spirit {Spirit, +Rage rN+ MR++} for 1133 gold pieces
 12168 | D:8      | Killed root's ghost
 12729 | D:11     | Noticed Harold
 12930 | D:11     | Found a shimmering altar of Xom.
 12995 | D:11     | Killed Harold
 13067 | D:11     | Noticed Nergalle
 13069 | D:11     | Noticed a brown ugly thing
 13084 | D:11     | Killed Nergalle
 13090 | D:11     | Killed a brown ugly thing
 13116 | D:11     | Found a staircase to the Orcish Mines.
 13125 | D:11     | Reached XP level 12. HP: 81/112 MP: 21/23
 13690 | D:7      | Bought a dazzling scale mail for 261 gold pieces
 13694 | D:7      | Identified the +0 scale mail of Dammairi {rElec rC- rN+ Str+4} (You bought it in a shop on level 7 of the Dungeon)
 13807 | D:12     | Noticed Frances
 13833 | D:12     | Killed Frances
 13933 | D:12     | Reached skill level 5 in Axes
 14332 | D:12     | Noticed Chiseanne's ghost (journeyman CeAE)
 14363 | D:12     | Killed Chiseanne's ghost
 14799 | D:12     | Noticed Nessos
 14801 | D:12     | Noticed a four-headed hydra
 14802 | D:12     | Noticed a war gargoyle
 15193 | D:13     | Noticed an ogre mage
 15194 | D:13     | Found a gate to the Vaults.
 15213 | D:13     | Killed an ogre mage
 15644 | D:13     | Found a portal to a secret trove of treasure.
 15785 | D:13     | Reached XP level 13. HP: 107/118 MP: 21/24
 16490 | D:14     | Bought a translucent scale mail for 288 gold pieces
 16501 | D:14     | Identified the +10 scale mail "Cupnieg" {*Drain rN++ MR- Int+2} (You bought it in a shop on level 14 of the Dungeon)
 16519 | D:14     | Got a warped scimitar
 17189 | D:15     | Entered Level 15 of the Dungeon
 17480 | D:15     | Identified the +11 scimitar of Causality {slice, Stlth+} (You found it on level 14 of the Dungeon)
 17504 | D:15     | Noticed Josephine
 17518 | D:15     | Killed Josephine
 18310 | D:15     | Found a staircase to the Depths.
 18539 | D:15     | Found a glowing silver altar of Zin.
 18546 | D:15     | Reached XP level 14. HP: 103/126 MP: 20/25
 18653 | D:14     | Bought a transparent scale mail for 288 gold pieces
 18653 | D:14     | Identified the +1 scale mail of the Dropbear {rN++ Int-3 Dex-4 SInv} (You bought it in a shop on level 14 of the Dungeon)
 18659 | D:14     | Bought an encrusted chain mail for 304 gold pieces
 18659 | D:14     | Bought a colourful robe for 182 gold pieces
 18659 | D:14     | Identified the +8 chain mail "Ajeolose" {MR+++ Str+2} (You bought it in a shop on level 14 of the Dungeon)
 18926 | D:12     | Killed Nessos
 19142 | Orc:1    | Entered Level 1 of the Orcish Mines
 19648 | Orc:2    | Entered Level 2 of the Orcish Mines
 19687 | Orc:2    | Found a dark tunnel.
 19701 | Volcano  | Entered a volcano
 19963 | Orc:2    | Found a staircase to the Elven Halls.
 19965 | Orc:2    | Found a roughly hewn altar of Beogh.
 20307 | Orc:2    | Found Cimo's Antique Armour Shoppe.
 20320 | Orc:2    | Bought a scorched chain mail for 247 gold pieces
 20439 | Orc:2    | Found Jiach's Gadget Emporium.
 20473 | Orc:2    | Found a radiant altar of Vehumet.
 20565 | Orc:2    | Found an ancient bone altar of Kikubaaqudgha.
 20779 | Orc:2    | Gained mutation: Scrolls take you a little longer to read. [a neqoxec]
 20780 | Orc:2    | Gained mutation: Your body sometimes deteriorates upon taking damage. [a neqoxec]
 20781 | Orc:2    | Found a roughly hewn altar of Beogh.
 20781 | Orc:2    | Found Xiqos's Distillery.
 20785 | Orc:2    | Gained mutation: Scrolls take you longer to read. [a neqoxec]
 20789 | Orc:2    | Reached skill level 10 in Axes
 20811 | Orc:2    | Found Mollommi's Antique Armour Shoppe.
 20847 | Orc:2    | Bought a scorched scale mail for 153 gold pieces
 20884 | Orc:2    | Bought a bloodstained chain mail for 247 gold pieces
 20884 | Orc:2    | Bought a jewelled plate armour for 728 gold pieces
 20884 | Orc:2    | Bought a runed shield for 117 gold pieces
 21530 | Lair:1   | Entered Level 1 of the Lair of Beasts
 21770 | Lair:1   | Found an ancient bone altar of Kikubaaqudgha.
 22609 | Lair:2   | Identified the cursed +0 robe "Maraly" {rF+ MR+ MP+9} (You bought it in a shop on level 14 of the Dungeon)
 23231 | Lair:3   | Identified the +10 chain mail of the Shining Light {+Fly MR+ Int+3} (You bought it in a shop on level 2 of the Orcish Mines)
 23262 | Lair:3   | Found a hole to the Spider Nest.
 23560 | Lair:3   | Identified the +1 scale mail of Spite {Str+7 Int-4 Stlth+} (You bought it in a shop on level 2 of the Orcish Mines)
 24059 | Lair:4   | Reached skill level 10 in Armour
 24229 | Lair:4   | Reached skill level 10 in Shields
 25380 | Lair:5   | Reached XP level 15. HP: 99/132 MP: 22/26
 25869 | Lair:6   | Found a staircase to the Slime Pits.
 25869 | Lair:6   | Found a viscous altar of Jiyva.
 26440 | Lair:6   | Found a staircase to the Swamp.
 27142 | Lair:7   | Identified the +6 chain mail "Hup Hufi" {MP+9 Int+6} (You bought it in a shop on level 2 of the Orcish Mines)
 27144 | Lair:7   | Identified the cursed +0 plate armour of Udent {+Inv MP+9 Slay-5 SInv} (You bought it in a shop on level 2 of the Orcish Mines)
 27533 | Lair:7   | Found a runed door.
 27775 | Lair:8   | Entered Level 8 of the Lair of Beasts
 27785 | Lair:8   | Lost mutation: Your body sometimes deteriorates upon taking damage. [potion of cure mutation]
 27785 | Lair:8   | Lost mutation: Scrolls take you longer to read. [potion of cure mutation]
 27785 | Lair:8   | Lost mutation: Scrolls take you a little longer to read. [potion of cure mutation]
 28752 | Lair:8   | Got a steaming hand axe
 28753 | Lair:8   | Identified the +6 hand axe of Meox {flame, rC- Dex+5} (You found it on level 8 of the Lair of Beasts)
 29682 | D:7      | Bought a jacinth-studded ice dragon armour for 1885 gold pieces
 29682 | D:7      | Identified the cursed +1 ice dragon armour of the Salamander {rF- rC++ MP+9 Int+6 Slay-5} (You bought it in a shop on level 7 of the Dungeon)
 29931 | Orc:2    | Bought a potion of might for 48 gold pieces
 29931 | Orc:2    | Bought a potion of agility for 48 gold pieces
 29931 | Orc:2    | Bought a potion of flight for 36 gold pieces
 29931 | Orc:2    | Bought a potion of curing for 36 gold pieces
 29931 | Orc:2    | Bought 2 potions of haste for 240 gold pieces
 29931 | Orc:2    | Bought a potion of resistance for 120 gold pieces
 29931 | Orc:2    | Bought a potion of might for 48 gold pieces
 29931 | Orc:2    | Bought a potion of flight for 36 gold pieces
 29931 | Orc:2    | Bought a potion of brilliance for 48 gold pieces
 29961 | Orc:2    | Bought a glowing shield for 117 gold pieces
 29961 | Orc:2    | Bought a pair of embroidered gloves for 117 gold pieces
 30247 | Spider:1 | Entered Level 1 of the Spider Nest
 30906 | Spider:1 | Reached XP level 16. HP: 110/139 MP: 23/27
 31747 | Spider:2 | Noticed Wiglaf
 32139 | Spider:2 | Killed Wiglaf
 33412 | Spider:4 | Entered Level 4 of the Spider Nest
 33420 | Spider:4 | Reached skill level 13 in Axes
 34009 | Spider:4 | Mangled by a wolf spider

Vault maps used:
D:1:      saegor_arrival_simple_f
D:2:      overflow_temple_1_default, nicolae_overflow_hidden_temple,
          grunt_temple_overflow_open, st_stairs_12, minivault_5
D:3:      grunt_temple_overflow_cloverleaf
D:4:      kennysheep_mini_moat, evilmike_ruin_ashenzari, first_bread,
          uniq_natasha, uniq_menkaure
D:5:      kennysheep_little_box, basic_altar, grunt_pakellas_basics
D:6:      kennysheep_mini, minmay_temple_entry_glassed_door,
          portal_sewer_entry_e, uniq_duvessa, uniq_prince_ribbit1, uniq_edmund
D:7:      slow_altar_2
D:8:      grunt_lair_entry_orc_guard_hut, serial_shops, shop, st_stairs_14
D:9:      special_room, uniq_erolcha
D:10:     kennysheep_steamy
D:11:     cheibrodos_magma_flow, orc_0_dummy, basic_altar, hex_medium,
          uniq_harold, uniq_nergalle
D:12:     the_bakery, minmay_three_doors, uniq_nessos, uniq_frances
D:13:     david_vaults_2, enter_trove_0
D:15:     grunt_enter_depths_snipers, kennysheep_flooded_box, uniq_josephine
Temple:   temple_island_7
Lair:1:   basic_altar, grunt_megastairs_3
Lair:2:   serial_forest, infiniplex_forest_lined_3,
          infiniplex_forest_straight_2, infiniplex_forest_lined_room_,
          infiniplex_forest_straight_2, infiniplex_forest_zigzag_2,
          infiniplex_staircase_pool
Lair:3:   boulder_dual_corridor_run, spider_nest_entry_webs
Lair:4:   grunt_forest_small_clearing_treed
Lair:5:   zaba_anthole, beast_lair_carwin_3, infiniplex_staircase_pool_2
Lair:6:   nicolae_swamp_entry_splash_gauntlet, slime_altar_1, minivault_29
Lair:7:   pf_torpor_hydra
Lair:8:   minmay_lair_end_frog_pond, serial_bayou_shore_b
Spider:2: uniq_wiglaf
Spider:3: spider_trap, uniq_jorgrun, uniq_asterion
Spider:4: guppyfry_spider_rune, spider_trap
Orc:2:    kennysheep_orc_mage_school, basic_altar, enter_volcano_3
Sewer:    sewer_minmay_w
Volcano:  volcano_pools

Action                   |  1- 3 |  4- 6 |  7- 9 | 10-12 | 13-15 | 16-18 || total
-------------------------+-------+-------+-------+-------+-------+-------++-------
Melee: Unarmed           |    51 |       |       |       |       |       ||    51
       Whip              |   107 |    87 |       |       |       |       ||   194
       Rapier            |       |   254 |       |       |       |       ||   254
       Flail             |       |     6 |   605 |   201 |       |       ||   812
       Hand axe          |       |       |       |   501 |  2005 |   380 ||  2886
       Broad axe         |       |       |       |       |    80 |    31 ||   111
Throw: Javelin           |       |     8 |     5 |    39 |    11 |    11 ||    74
 Cast: Shock             |    11 |    31 |       |     9 |       |       ||    51
       Repel Missiles    |     1 |       |       |     2 |       |       ||     3
       Static Discharge  |       |       |       |     9 |       |       ||     9
Invok: Call Merchant     |       |       |     1 |       |     1 |       ||     2
 Abil: Evoke Berserk Rag |       |       |       |     1 |       |       ||     1
Evoke: Wand              |       |       |       |     6 |     7 |     1 ||    14
       Stone of tremors  |       |       |       |       |     1 |       ||     1
  Use: Scroll            |     6 |     8 |    16 |    15 |    21 |       ||    66
       Potion            |       |       |     1 |     5 |     5 |     7 ||    18
 Stab: Distracted        |       |     1 |     1 |     3 |    24 |     3 ||    32
       Invisible         |       |       |       |       |     1 |     4 ||     5
  Eat: Chunk             |     2 |     2 |       |       |       |       ||     4
       Fruit             |       |     2 |       |     2 |     4 |     4 ||    12
       Bread ration      |       |     2 |     4 |       |     6 |     2 ||    14
       Beef jerky        |       |       |       |     2 |     4 |     1 ||     7
       Pizza             |       |       |       |     2 |     2 |       ||     4
       Royal jelly       |       |       |       |     1 |       |       ||     1
       Meat ration       |       |       |       |     2 |       |       ||     2
